Workbook
Name AnticipoM1: POA!$D$2
Name AnticipoM2: POA!$D$3
Name AnticipoM3: POA!$D$4
Name AnticipoM4: POA!$D$5
Name CapFinanciera1: Puntajes!$C$12
Name CapFinanciera2: Puntajes!$C$13
Name CapFinanciera3: Puntajes!$C$14
Name CapFinanciera4: Puntajes!$C$15
Name CapTecnica1: Puntajes!$G$4
Name CapTecnica2: Puntajes!$G$5
Name Experiencia1: Puntajes!$C$4
Name Experiencia2: Puntajes!$C$5
Name Experiencia3: Puntajes!$C$6
Name PlazoM1: POA!$C$2
Name PlazoM2: POA!$C$3
Name PlazoM3: POA!$C$4
Name PlazoM4: POA!$C$5
Name prueba: #REF!
Name SALACTUAL: POA!$F$2

Sheet Verificaciones
B4: No. Oferta | D4: OFERENTE | E4: Verificación Formulario No. 03 | P4: Datos Declaración Renta 2003 | T4: Variación
E5: Activo Corriente | F5: Activo Fijo | G5: Otros Activos | H5: Total Activo | I5: Pasivo Corriente | J5: Pasivo Mediano y Largo Plazo | K5: Total Pasivo | L5: Patrimonio | M5: Total Pasivo + Patrimonio | N5: Utilidad Antes de Impuesto | O5: Utilidad Neta | P5: Patrimonio Bruto | Q5: Total Pasivo | R5: Patrimonio Liquido | S5: Renta Liquida | T5: Patrimonio Bruto | U5: Total Pasivo | V5: Patrimonio Liquido | W5: Renta Liquida
B7: 1 | D7: CONSORCIO LAS ANIMAS #1
C8: 1.1 | D8: GERMA TORRES SALGADO | E8: 661279000 | F8: 586850000 | H8: =SUM(E8:G8) -> 1248129000 | I8: 133995725 | J8: 243009275 | K8: =SUM(I8:J8) -> 377005000 | L8: =+H8-K8 -> 871124000 | M8: =+K8+L8 -> 1248129000 | N8: 89170000 | O8: 65583000 | P8: 1248129000 | Q8: 353418000 | R8: 894711000 | S8: 93656000 | T8: =(H8-P8)/P8 -> 0 | U8: =+(K8-Q8)/Q8 -> 0.066739668 | V8: =(L8-R8)/R8 -> -0.026362703 | W8: =(O8-S8)/S8 -> -0.29974588
C9: 1.2 | D9: MARIO GIRALDO ENCISO | E9: 902790808 | F9: 22582416 | G9: 15532940 | H9: =SUM(E9:G9) -> 940906164 | I9: 69497421 | J9: 467428657 | K9: =SUM(I9:J9) -> 536926078 | L9: 403980086 | M9: =+K9+L9 -> 940906164 | N9: 18766695 | O9: 20396695 | T9: =(H9-P9)/P9 -> #DIV/0! | U9: =+(K9-Q9)/Q9 -> #DIV/0! | V9: =(L9-R9)/R9 -> #DIV/0! | W9: =(O9-S9)/S9 -> #DIV/0!
C10: 1.3 | D10: MANUEL MOSQUERA | E10: 300353422 | F10: 251940082 | G10: 69532472 | H10: =SUM(E10:G10) -> 621825976 | I10: 153716887 | J10: 54587444 | K10: =SUM(I10:J10) -> 208304331 | L10: 413521645 | M10: =+K10+L10 -> 621825976 | N10: 16241438 | O10: 16221673 | P10: 611957000 | Q10: 208285000 | R10: 403672000 | S10: 17042000 | T10: =(H10-P10)/P10 -> 0.016126911 | U10: =+(K10-Q10)/Q10 -> 9.2810332e-05 | V10: =(L10-R10)/R10 -> 0.024400119 | W10: =(O10-S10)/S10 -> -0.048135606
C11: 1.4 | D11: JORGE DE JESUS E. | E11: 506655816 | F11: 152054516 | G11: 245059330 | H11: =SUM(E11:G11) -> 903769662 | I11: 137779007 | J11: 42562365 | K11: =SUM(I11:J11) -> 180341372 | L11: 723428291 | M11: =+K11+L11 -> 903769663 | N11: 50395207 | O11: 42647207 | P11: 903769000 | Q11: 180341000 | R11: 723428000 | S11: 46988000 | T11: =(H11-P11)/P11 -> 7.3248806e-07 | U11: =+(K11-Q11)/Q11 -> 2.0627589e-06 | V11: =(L11-R11)/R11 -> 4.022515e-07 | W11: =(O11-S11)/S11 -> -0.092380884
C12: 1.5 | D12: REPRESENTA Y CONS PAI LTDA | E12: 378072865 | F12: 103601233 | G12: 955950 | H12: =SUM(E12:G12) -> 482630048 | I12: 36771662 | J12: 134085789 | K12: =SUM(I12:J12) -> 170857451 | L12: 311772597 | M12: =+K12+L12 -> 482630048 | N12: 15703386 | O12: 7048986 | P12: 482631000 | Q12: 170858000 | R12: 311773000 | S12: 22479000 | T12: =(H12-P12)/P12 -> -1.9725215e-06 | U12: =+(K12-Q12)/Q12 -> -3.2131946e-06 | V12: =(L12-R12)/R12 -> -1.2926071e-06 | W12: =(O12-S12)/S12 -> -0.68641906
C13: 1.6 | D13: ASFALTOS DE OCCID S.A. | E13: 69932426 | F13: 460250218 | G13: 107112095 | H13: =SUM(E13:G13) -> 637294739 | I13: 29489669 | J13: 80572256 | K13: =SUM(I13:J13) -> 110061925 | L13: 527232814 | M13: =+K13+L13 -> 637294739 | N13: 8363847 | O13: 3783847 | P13: 637294000 | Q13: 110061000 | R13: 527233000 | S13: 11897000 | T13: =(H13-P13)/P13 -> 1.1595904e-06 | U13: =+(K13-Q13)/Q13 -> 8.4044303e-06 | V13: =(L13-R13)/R13 -> -3.527852e-07 | W13: =(O13-S13)/S13 -> -0.68194948
B14: 2 | D14: CONCAY S.A. | E14: 40069494079 | F14: 5482697057 | G14: 13667555753 | H14: =SUM(E14:G14) -> 59219746889 | I14: 21914617588 | J14: 7301680273 | K14: =SUM(I14:J14) -> 29216297861 | L14: 30003449028 | M14: =+K14+L14 -> 59219746889 | N14: 6682012591 | O14: 6273203591 | P14: 42778874000 | Q14: 22139102000 | R14: 20639772000 | S14: 1168027000 | T14: =(H14-P14)/P14 -> 0.38432224 | U14: =+(K14-Q14)/Q14 -> 0.31966951 | V14: =(L14-R14)/R14 -> 0.45367153 | W14: =(O14-S14)/S14 -> 4.3707693
B15: 3 | D15: UNION TEMPORAL PAVIMENTACION DEL CHOCO
C16: 3.1 | D16: AULI FERNANDO VELANDIA M | E16: 1044688000 | F16: 114208000 | G16: 507125000 | H16: =SUM(E16:G16) -> 1666021000 | I16: 89341000 | J16: 920563000 | K16: =SUM(I16:J16) -> 1009904000 | L16: 656117000 | M16: =+K16+L16 -> 1666021000 | N16: 82940000 | O16: 65192000 | P16: 1666021000 | Q16: 1009904000 | R16: 656117000 | S16: 82940000 | T16: =(H16-P16)/P16 -> 0 | U16: =+(K16-Q16)/Q16 -> 0 | V16: =(L16-R16)/R16 -> 0 | W16: =(O16-S16)/S16 -> -0.21398601
C17: 3.2 | D17: HIFO S.A. | E17: 2210583412 | F17: 1796245413 | G17: 950172658 | H17: =SUM(E17:G17) -> 4957001483 | I17: 578205453 | J17: 2306752990 | K17: =SUM(I17:J17) -> 2884958443 | L17: 2072043050 | M17: =+K17+L17 -> 4957001493 | N17: 126050800 | O17: 81933020 | P17: 4957002000 | Q17: 2884958000 | R17: 2072044000 | S17: 126051000 | T17: =(H17-P17)/P17 -> -1.0429691e-07 | U17: =+(K17-Q17)/Q17 -> 1.535551e-07 | V17: =(L17-R17)/R17 -> -4.5848447e-07 | W17: =(O17-S17)/S17 -> -0.35000103
C18: 3.3 | D18: INFICAS S.A. | E18: 1128389590 | F18: 497010730 | G18: 450516529 | H18: =SUM(E18:G18) -> 2075916849 | I18: 843827380 | J18: 171544974 | K18: =SUM(I18:J18) -> 1015372354 | L18: 1060544495 | M18: =+K18+L18 -> 2075916849 | N18: 150152888 | O18: 84818888 | P18: 2075917000 | Q18: 1014364000 | R18: 1061553000 | S18: 186669000 | T18: =(H18-P18)/P18 -> -7.2738939e-08 | U18: =+(K18-Q18)/Q18 -> 0.00099407511 | V18: =(L18-R18)/R18 -> -0.00095002793 | W18: =(O18-S18)/S18 -> -0.54561878
C19: 3.4 | D19: CATOBRAS LTDA | H19: =SUM(E19:G19) -> 0 | K19: =SUM(I19:J19) -> 0 | M19: =+K19+L19 -> 0 | T19: =(H19-P19)/P19 -> #DIV/0! | U19: =+(K19-Q19)/Q19 -> #DIV/0! | V19: =(L19-R19)/R19 -> #DIV/0! | W19: =(O19-S19)/S19 -> #DIV/0!
C20: 3.5 | D20: CARLOS MARIO PALACIO CH | E20: 397516649 | F20: 44535519 | H20: =SUM(E20:G20) -> 442052168 | I20: 205584360 | K20: =SUM(I20:J20) -> 205584360 | L20: 236467808 | M20: =+K20+L20 -> 442052168 | N20: 52120000 | O20: 52120000 | P20: 442053000 | Q20: 205584000 | R20: =P20-Q20 -> 236469000 | S20: 52120000 | T20: =(H20-P20)/P20 -> -1.8821273e-06 | U20: =+(K20-Q20)/Q20 -> 1.751109e-06 | V20: =(L20-R20)/R20 -> -5.0408299e-06 | W20: =(O20-S20)/S20 -> 0
C21: 3.6 | D21: LUIS CORANDO VELAZQUEZ | E21: 230187357 | F21: 487735892 | G21: 9625046 | H21: =SUM(E21:G21) -> 727548295 | I21: 117145481 | J21: 76862715 | K21: =SUM(I21:J21) -> 194008196 | L21: 533540099 | M21: =+K21+L21 -> 727548295 | P21: 727548000 | Q21: 194008000 | R21: 533540000 | T21: =(H21-P21)/P21 -> 4.0547153e-07 | U21: =+(K21-Q21)/Q21 -> 1.0102676e-06 | V21: =(L21-R21)/R21 -> 1.855531e-07 | W21: =(O21-S21)/S21 -> #DIV/0!
B22: 4 | D22: CONSORCIO GOMGO 35
C23: 4.1 | D23: MIGUEL EDGAR ALFONSO | E23: 940500000 | F23: 220000000 | G23: 19500000 | H23: =SUM(E23:G23) -> 1180000000 | I23: 50000000 | J23: 50000000 | K23: =SUM(I23:J23) -> 100000000 | L23: 1080000000 | M23: =+K23+L23 -> 1180000000 | N23: 38000000 | O23: 38000000 | P23: 1180000000 | Q23: 100000000 | R23: 1080000000 | S23: 35000000 | T23: =(H23-P23)/P23 -> 0 | U23: =+(K23-Q23)/Q23 -> 0 | V23: =(L23-R23)/R23 -> 0 | W23: =(O23-S23)/S23 -> 0.085714286
C24: 4.2 | D24: ABEL FRANCISCO VALBUENA | E24: 1215892000 | F24: 443008000 | G24: 283790000 | H24: =SUM(E24:G24) -> 1942690000 | I24: 374625000 | J24: 55000000 | K24: =SUM(I24:J24) -> 429625000 | L24: 1513065000 | M24: =+K24+L24 -> 1942690000 | N24: 47375000 | O24: 47375000 | P24: 1942690000 | Q24: 429625000 | R24: 1513065000 | S24: 47375000 | T24: =(H24-P24)/P24 -> 0 | U24: =+(K24-Q24)/Q24 -> 0 | V24: =(L24-R24)/R24 -> 0 | W24: =(O24-S24)/S24 -> 0
C25: 4.3 | D25: CESAR GOMEZ | E25: 2149248232 | F25: 390736722 | H25: =SUM(E25:G25) -> 2539984954 | I25: 1922763807 | J25: 93405043 | K25: =SUM(I25:J25) -> 2016168850 | L25: 523816104 | M25: =+K25+L25 -> 2539984954 | N25: 41060626 | O25: 54549620 | P25: 2539984000 | Q25: 2016168000 | R25: 523816000 | S25: 71993000 | T25: =(H25-P25)/P25 -> 3.7559292e-07 | U25: =+(K25-Q25)/Q25 -> 4.2159185e-07 | V25: =(L25-R25)/R25 -> 1.98543e-07 | W25: =(O25-S25)/S25 -> -0.24229272
C26: 4.4 | D26: LUIS MAYORGA AGUIRRE | E26: 1286602000 | F26: 529776000 | G26: 367025000 | H26: =SUM(E26:G26) -> 2183403000 | I26: 631956000 | J26: 6584000 | K26: =SUM(I26:J26) -> 638540000 | L26: 1544863000 | M26: =+K26+L26 -> 2183403000 | P26: 2183403000 | Q26: 638540000 | R26: =P26-Q26 -> 1544863000 | T26: =(H26-P26)/P26 -> 0 | U26: =+(K26-Q26)/Q26 -> 0 | V26: =(L26-R26)/R26 -> 0 | W26: =(O26-S26)/S26 -> #DIV/0!
B27: 5 | D27: CONSORCIO PLAN VIAL CHOCO 2005
C28: 5.1 | D28: VARGAS VELANDIA LTDA | E28: 3662005000 | F28: 457085000 | G28: 114779000 | H28: =SUM(E28:G28) -> 4233869000 | I28: 530721000 | J28: 160038000 | K28: =SUM(I28:J28) -> 690759000 | L28: 3543110000 | M28: =+K28+L28 -> 4233869000 | N28: 457250000 | O28: 297212000 | P28: 4229443000 | Q28: 686333000 | R28: 3543110000 | S28: 457250000 | T28: =(H28-P28)/P28 -> 0.0010464735 | U28: =+(K28-Q28)/Q28 -> 0.0064487647 | V28: =(L28-R28)/R28 -> 0 | W28: =(O28-S28)/S28 -> -0.35000109
C29: 5.2 | D29: NACIONAL DE PAVIMENTOS LTDA | E29: 1345051857 | F29: 622683311 | G29: 1888148909 | H29: =SUM(E29:G29) -> 3855884077 | I29: 235974264 | J29: 1059293810 | K29: =SUM(I29:J29) -> 1295268074 | L29: 2560616003 | M29: =+K29+L29 -> 3855884077 | N29: 211804765 | O29: 128144765 | P29: 1968115000 | Q29: 1295268000 | R29: 672847000 | S29: 239030000 | T29: =(H29-P29)/P29 -> 0.95917621 | U29: =+(K29-Q29)/Q29 -> 5.7131034e-08 | V29: =(L29-R29)/R29 -> 2.8056438 | W29: =(O29-S29)/S29 -> -0.46389673
C30: 5.3 | D30: JAIME VARGAS GALINDO | E30: 68481000 | F30: 248149000 | G30: 1829723000 | H30: =SUM(E30:G30) -> 2146353000 | I30: 20336000 | J30: 1030069000 | K30: =SUM(I30:J30) -> 1050405000 | L30: 1095948000 | M30: =+K30+L30 -> 2146353000 | N30: 63435000 | O30: 51635000 | P30: 2146353000 | Q30: 1050405000 | R30: 1095948000 | S30: 63435000 | T30: =(H30-P30)/P30 -> 0 | U30: =+(K30-Q30)/Q30 -> 0 | V30: =(L30-R30)/R30 -> 0 | W30: =(O30-S30)/S30 -> -0.18601718
C31: 5.4 | D31: VINDICO S.A. | E31: 9098479232 | F31: 531593591 | G31: =1377315265+27043045 -> 1404358310 | H31: =SUM(E31:G31) -> 11034431133 | I31: 1681476244 | J31: 4212950518 | K31: =SUM(I31:J31) -> 5894426762 | L31: 5140004372 | M31: =+K31+L31 -> 11034431134 | N31: 101528025 | O31: 54379630 | P31: 11007389000 | Q31: 5894427000 | R31: 5112962000 | S31: 122857000 | T31: =(H31-P31)/P31 -> 0.0024567255 | U31: =+(K31-Q31)/Q31 -> -4.0377122e-08 | V31: =(L31-R31)/R31 -> 0.0052889836 | W31: =(O31-S31)/S31 -> -0.55737459
B34: OBSERVACIONES:
C35: CONSORCIO LAS ANIMAS #1,,se subsana integrante 1,2porque no conciliacines

Sheet POA
A1: Modulo | B1: PO (Presupuesto) | C1: N | D1: Anticipo | F1: SMMLV 2024 | H1: Capital de Trabajo Demandado | I1: Patrimonio | K1: % Requerido Patrimonio
A2: 1 | B2: 120000000 | C2: 4 | D2: =+B2*0 -> 0 | F2: 1300000 | H2: =+IF(OR(B2="",PlazoM1=""),"",B2/PlazoM1) -> 30000000 | I2: =IF(OR(B2="",$K$2=""),"",B2*$K$2) -> 12000000 | K2: 0.1
H3: =+IF(OR(B3="",PlazoM2=""),"",B3/PlazoM2) | I3: =IF(OR(B3="",$K$2=""),"",B3*$K$2)
H4: =+IF(OR(B4="",PlazoM3=""),"",B4/PlazoM3) | I4: =IF(OR(B4="",$K$2=""),"",B4*$K$2)
H5: =+IF(OR(B5="",PlazoM4=""),"",B5/PlazoM4) | I5: =IF(OR(B5="",$K$2=""),"",B5*$K$2)

Sheet Puntajes
B2: EXPERIENCIA | F2: CAPACIDAD TÉCNICA
B3: Mayor a | C3: Menor o Igual a | D3: Puntaje | F3: Desde | G3: Hasta | H3: Puntaje
B4: 0 | C4: 3 | D4: 60 | F4: 1 | G4: 5 | H4: 20
B5: 3 | C5: 6 | D5: 80 | F5: 6 | G5: 10 | H5: 30
B6: 6 | C6: 10 | D6: 100 | F6: 11 | G6: Mayores | H6: 40
B7: 10 | C7: Mayores | D7: 120
B10: CAPACIDAD FINANCIERA
B11: Mayor a | C11: Menor o Igual a | D11: Puntaje
B12: 0 | C12: 0.5 | D12: 20
B13: 0.5 | C13: 0.75 | D13: 25
B14: 0.75 | C14: 1 | D14: 30
B15: 1 | C15: 1.5 | D15: 35
B16: 1.5 | C16: Mayores | D16: 40

Sheet Propuestas
B1: LISTADE OFERTAS | E1: MAYO | F1: Panel Opciones
H2: ORDEN
A3: N | B3: Referencia de oferta | C3: Entidad | D3: Evaluación | E3: Presentada | F3: Oferta
A4: 1 | B4: OFERTA HERCAR INTERVENTORIA SAN JACINTO | C4: CONSTRUCCIONES HERCAR SAS | D4: Oferta en evaluación | E4: 45526.456 | F4: 69.967.240 COP | H4: 1

Sheet Capacidad Financiera
B2: INSTITUTO NACIONAL DE VIAS
B3: DIRECCIÓN DE CONTRATACIÓN
B4: DIRECCIÓN TERRITORIAL BOLIVAR
B5: EVALUACIÓN FINANCIERA
B7: DATOS DEL INTERESADO | E7: INFORMACIÓN FINANCIERA - RUP | S7: INDICE-LIQUIDEZ | U7: INDICE-ENDEUDAMIENTO | X7: RAZON DE COBERTURA DE INTERESES | Z7: EVALUACIÓN CAPACIDAD FINANCIERA | AA7: CALIDAD DE MIPYME | AC7: RENTABILIDAD DEL PATRIMONIO (ROE) | AE7: RENTABILIDAD DEL ACTIVO (ROA) | AG7: EVALUACIÓN CAPACIDAD ORGANIZACIÓN
B8: OFERTA | C8: PROPONENTE | D8: PORCENTAJE DE PARTICIPACION | E8: ACTIVO CORRIENTE | F8: ACTIVO TOTAL | G8: PASIVO CORRIENTE | H8: PASIVO TOTAL | I8: CAPITAL DE TRABAJO (Activo Corriente - Pasivo Corriente) | J8: PATRIMONIO (Activo Total - Pasivo Total) | K8: PATRIMONIO ROE (Activo Total - Pasivo Total) | N8: MÓDULO | O8: PLAZO (P) | P8: MODULOS ADJUDICADOS | Q8: VALOR CAPITAL DE TRABAJO DEMANDADO MODULOS ADJUDICADOS | R8: VALOR PRESUPUESTO OFICIAL ANUAL(PO) | S8: Fórmula: Liquidez=AC/PC>=0,42 | U8: Fórmula: Endeudamiento = Pas.T/Act.Tot. <= 0,70 | W8: VALOR PATRIMONIO REQUERIDO MODULOS ADJUDICADOS | X8: Fórmula: Razón Cobertura Intereses = UO/GI >= 1,00 | Z8: HABIL/NO HABIL | AA8: SMMLV 2011 | AB8: 535600 | AC8: Fórmula: ROE=UO/Pat.ROE>=0,00 | AE8: Fórmula: ROE=UO/Act.Tot.>=0,00 | AG8: HABIL/NO HABIL
L9: UTILIDAD OPERACIONAL | M9: GASTOS DE INTERESES | S9: Req. Min. Solvencia: > = | T9: 1.2 | U9: Req. Min. Endeudamiento: < = | V9: 0.7 | X9: Req. Min. Cobertura Intereses: > = | Y9: 1 | AA9: SMMLV 2012 | AB9: 566700 | AC9: Req. Min. ROE: > = | AD9: 0 | AE9: Req. Min. ROA: > = | AF9: 0
S10: INDICADOR | T10: RESULTADO | U10: INDICADOR | V10: RESULTADO | X10: INDICADOR | Y10: RESULTADO | AA10: CALIDAD DE MIPYME EN SMMLV | AB10: 30000 | AC10: INDICADOR | AD10: RESULTADO | AE10: INDICADOR | AF10: RESULTADO
B12: 1 | C12: CONSTRUCCIONES HERCAR SAS | D12: =IF(SUM(D13:D14)=0,"",SUM(D13:D14)) -> 1 | E12: =IF(ISERROR(SUM(E13:E14)),"",SUM(E13:E14)) -> 29700000 | F12: =IF(ISERROR(SUM(F13:F14)),"",SUM(F13:F14)) -> 320000000 | G12: =IF(ISERROR(SUM(G13:G14)),"",SUM(G13:G14)) -> 0 | H12: =IF(ISERROR(SUM(H13:H14)),"",SUM(H13:H14)) -> 0 | I12: =IF(ISERROR(SUM(I13:I14)),"",SUM(I13:I14)) -> 29700000 | J12: =IF(ISERROR(SUM(J13:J14)),"",SUM(J13:J14)) -> 320000000 | K12: =IF(ISERROR(SUM(K13:K14)),"",SUM(K13:K14)) -> 320000000 | L12: =IF(ISERROR(SUM(L13:L14)),"",SUM(L13:L14)) -> 20000000 | M12: =IF(ISERROR(SUM(M13:M14)),"",SUM(M13:M14)) -> 1 | N12: 1 | O12: =IF(ISERROR(VLOOKUP(N12,POA!$A$2:$C$16,3,0)),"",VLOOKUP(N12,POA!$A$2:$C$16,3,0)) -> 4 | Q12: =+SUM(Q13:Q14) -> 0 | R12: =IF(ISERROR(VLOOKUP(N12,POA!$A$2:$C$16,2,0)),"",VLOOKUP(N12,POA!$A$2:$C$16,2,0)) -> 120000000 | S12: =IF(ISERROR(SUM(E12/G12)),0,SUM(E12/G12)) -> 0 | T12: =IF(OR(S12=0,N12="",R12=""),"",IF(S12>=$T$9,"HABIL","NO HABIL")) | U12: =IF(ISERROR(SUM(H12/F12)),0,SUM(H12/F12)) -> 0 | V12: =IF(OR(U12=0,N12="",R12=""),"",IF(U12<=$V$9,"HABIL","NO HABIL")) | W12: =+SUM(W13:W14) -> 0 | X12: =IF(ISERROR(SUM(L12/M12)),0,SUM(L12/M12)) -> 20000000 | Y12: =IF(OR(X12=0,N12="",R12=""),"",IF(X12>=$Y$9,"HABIL","NO HABIL")) -> HABIL | Z12: =IF(OR(T12="",V12="",Y12=""),"",IF(T12="NO HABIL","NO HABIL",IF(V12="NO HABIL","NO HABIL",IF(Y12="NO HABIL","NO HABIL",IF(Y12="NO HABIL","NO HABIL","HABIL"))))) | AC12: =IF(ISERROR(SUM(L12/K12)),0,SUM(L12/K12)) -> 0.0625 | AD12: =IF(OR(AC12=0,N12="",R12=""),"",IF(AC12>=$AD$9,"HABIL","NO HABIL")) -> HABIL | AE12: =IF(ISERROR(SUM(L12/F12)),0,SUM(L12/F12)) -> 0.0625 | AF12: =IF(OR(AE12=0,N12="",R12=""),"",IF(AE12>=$AF$9,"HABIL","NO HABIL")) -> HABIL | AG12: =IF(OR(AD12="",AF12=""),"",IF(AD12="NO HABIL","NO HABIL",IF(AF12="NO HABIL","NO HABIL",IF(AF12="NO HABIL","NO HABIL","HABIL")))) -> HABIL
B13: 1.1 | C13: CONSTRUCCIONES HERCAR SAS | D13: 1 | E13: 29700000 | F13: 320000000 | I13: =IF(ISERROR(E13-G13),"",E13-G13) -> 29700000 | J13: =IF(ISERROR(F13-H13),"",F13-H13) -> 320000000 | K13: =IF(ISERROR(F13-H13),"",F13-H13) -> 320000000 | L13: 20000000 | M13: 1 | O13: =IF(ISERROR(VLOOKUP(N13,POA!$A$2:$C$16,3,0)),"",VLOOKUP(N13,POA!$A$2:$C$16,3,0)) | Q13: =IF(ISERROR(VLOOKUP(P13,POA!$A$2:$F$16,4,0)),"",VLOOKUP(P13,POA!$A$2:$F$16,4,0)) | R13: =+Propuestas!F4 -> 69.967.240 COP | T13: =IF(OR(S12=0,N13="",R13=""),"",IF(S12>=$T$9,"HABIL","NO HABIL")) | V13: =IF(OR(U12=0,N13="",R13=""),"",IF(U12<=$V$9,"HABIL","NO HABIL")) | Y13: =IF(OR(X12=0,N13="",R13=""),"",IF(X12>=$Y$9,"HABIL","NO HABIL")) | AA13: =IF(ISERROR(F13/$AB$9),"",F13/$AB$9) -> 564.67267 | AB13: =+IF(AA13<$AB$10,"MIPYME","NO CUMPLE") -> MIPYME | AD13: =IF(OR(AC12=0,N13="",R13=""),"",IF(AC12>=$AD$9,"HABIL","NO HABIL")) | AF13: =IF(OR(AE12=0,N13="",R13=""),"",IF(AE12>=$AF$9,"HABIL","NO HABIL")) | AG13: =IF(OR(AD13="",AF13=""),"",IF(AD13="NO HABIL","NO HABIL",IF(AF13="NO HABIL","NO HABIL",IF(AF13="NO HABIL","NO HABIL","HABIL"))))

Sheet Puntaje Exp
B2: INSTITUTO NACIONAL DE VIAS
B3: DIRECCIÓN DE CONTRATACIÓN
B4: ='Capacidad Financiera'!B4 -> DIRECCIÓN TERRITORIAL BOLIVAR
B5: PUNTAJE POR EXPERIENCIA
B7: OFERTA | C7: PROPONENTE | D7: Porcentaje de Participación para este Proceso (A) | E7: VALOR TOTAL DE LOS CONTRATOS EJECUTADOS | F7: VALOR TOTAL DE LOS CONTRATOS EJECUTADOS EN SMMLV (B) | G7: PRESUPUESTO OFICIAL ESTIMADO (POE) EN SMMLV (C) | H7: PUNTAJE POR EXPERIENCIA
H8: RESULTADO B / (C * A) | I8: Rangos: Mayor a 0 y Menor o Igual a 3 = 60 Puntos Mayor a 3 y Menor o Igual a 6 = 80 Puntos Mayor a 6 y Menor o Igual a 10 = 100 Puntos Mayor a 10 y Mayores = 120 Puntos
B9: =+'Capacidad Financiera'!B12 -> 1 | C9: =IF(ISERROR(VLOOKUP(B9,'Capacidad Financiera'!$B$12:$Z$59132,2,0)),"",VLOOKUP(B9,'Capacidad Financiera'!$B$12:$Z$59132,2,0)) -> CONSTRUCCIONES HERCAR SAS | D9: =IF(ISERROR(VLOOKUP(B9,'Capacidad Financiera'!$B$12:$Z$59132,3,0)),"",VLOOKUP(B9,'Capacidad Financiera'!$B$12:$Z$59132,3,0)) -> 1 | E9: =E10 -> 179491000 | F9: =F10 -> 138.07 | G9: =POA!B2/SALACTUAL -> 92.307692 | H9: =F9/(G9*D9) -> 1.4957583 | I9: =IF(OR(C9="",D9="",E9=""),"",IF(AND(H9>0,H9<=Experiencia1),Puntajes!$D$4,IF(AND(H9>Experiencia1,H9<=Experiencia2),Puntajes!$D$5,IF(AND(H9>Experiencia2,H9<=Experiencia3),Puntajes!$D$6,IF(H9>Experiencia3,Puntajes!$D$7,0))))) -> 60
B10: =+'Capacidad Financiera'!B13 -> 1.1 | C10: =IF(ISERROR(VLOOKUP(B10,'Capacidad Financiera'!$B$12:$Z$59132,2,0)),"",VLOOKUP(B10,'Capacidad Financiera'!$B$12:$Z$59132,2,0)) -> CONSTRUCCIONES HERCAR SAS | D10: =IF(ISERROR(VLOOKUP(B10,'Capacidad Financiera'!$B$12:$Z$59132,3,0)),"",VLOOKUP(B10,'Capacidad Financiera'!$B$12:$Z$59132,3,0)) -> 1 | E10: 179491000 | F10: =IF(OR(C10="",D10="",E10=""),"",E10/SALACTUAL) -> 138.07 | G10: 0
B11: =+'Capacidad Financiera'!B14 -> 0 | C11: =IF(ISERROR(VLOOKUP(B11,'Capacidad Financiera'!$B$12:$Z$59132,2,0)),"",VLOOKUP(B11,'Capacidad Financiera'!$B$12:$Z$59132,2,0)) | D11: =IF(ISERROR(VLOOKUP(B11,'Capacidad Financiera'!$B$12:$Z$59132,3,0)),"",VLOOKUP(B11,'Capacidad Financiera'!$B$12:$Z$59132,3,0)) | F11: =IF(OR(C11="",D11="",E11=""),"",E11/SALACTUAL)

Sheet Puntaje CT
A2: INSTITUTO NACIONAL DE VIAS
A3: DIRECCIÓN DE CONTRATACIÓN
A4: ='Capacidad Financiera'!B4 -> DIRECCIÓN TERRITORIAL BOLIVAR
A5: PUNTAJE POR CAPACIDAD TÉCNICA
A7: OFERTA | B7: PROPONENTE | C7: PROFESIONALES VINCULADOS | D7: PUNTAJE POR CAPACIDAD TÉCNICA
C8: Numeros de Socios y Profesionales de la Arquitectura , Ingenierìa y Geologìa vinculados mediante relaciòn laboral o contractual en actividades relacionadas directamente a la construcciòn | D8: Rangos: Desde 1 hasta 5 = 20 Puntos Desde 6 hasta 10 = 30 Puntos Desde 11 hasta mayores = 40 Puntos
A9: =+'Capacidad Financiera'!B12 -> 1 | B9: =IF(ISERROR(VLOOKUP(A9,'Capacidad Financiera'!$B$12:$Z$59132,2,0)),"",VLOOKUP(A9,'Capacidad Financiera'!$B$12:$Z$59132,2,0)) -> CONSTRUCCIONES HERCAR SAS | C9: =C10+C11 -> 1 | D9: =IF(OR(B9="",C9=""),"",IF(AND(C9>0,C9<=CapTecnica1),Puntajes!$H$4,IF(AND(C9>CapTecnica1,C9<=CapTecnica2),Puntajes!$H$5,IF(C9>CapTecnica2,Puntajes!$H$6,0)))) -> 20
A10: =+'Capacidad Financiera'!B13 -> 1.1 | B10: =IF(ISERROR(VLOOKUP(A10,'Capacidad Financiera'!$B$12:$Z$59132,2,0)),"",VLOOKUP(A10,'Capacidad Financiera'!$B$12:$Z$59132,2,0)) -> CONSTRUCCIONES HERCAR SAS | C10: 1
A11: =+'Capacidad Financiera'!B14 -> 0 | B11: =IF(ISERROR(VLOOKUP(A11,'Capacidad Financiera'!$B$12:$Z$59132,2,0)),"",VLOOKUP(A11,'Capacidad Financiera'!$B$12:$Z$59132,2,0))

Sheet Puntaje CF
A2: INSTITUTO NACIONAL DE VIAS
A3: DIRECCIÓN DE CONTRATACIÓN
A4: ='Capacidad Financiera'!B4 -> DIRECCIÓN TERRITORIAL BOLIVAR
A5: PUNTAJE POR CAPACIDAD FINANCIERA
A7: OFERTA | B7: PROPONENTE | C7: ACTIVOS CORRIENTES (A) | D7: PASIVOS CORRIENTES (B) | E7: ÍNDICE DE LIQUIDEZ (A) / (B) = (C) | F7: PUNTAJE POR CAPACIDAD FINANCIERA
F8: Rangos: Mayor a 0 y Menor o Igual a 0,5 = 20 Puntos Mayor a 0,5 y Menor o Igual a 0,75 = 25 Puntos Mayor a 0,75 y Menor o Igual a 1,00 = 30 Puntos Mayor a 1,00 y Menor o Igual a 1,5 = 35 Puntos Mayor a 1,5 y Mayores = 40 Puntos
A9: =+'Capacidad Financiera'!B12 -> 1 | B9: =IF(ISERROR(VLOOKUP(A9,'Capacidad Financiera'!$B$12:$Z$59132,2,0)),"",VLOOKUP(A9,'Capacidad Financiera'!$B$12:$Z$59132,2,0)) -> CONSTRUCCIONES HERCAR SAS | C9: =C10 -> 29700000 | D9: =D10 -> 0 | E9: =IF(OR(B9="",C9="",D9=""),"",IF(OR(C9=0,D9=0),0,C9/D9)) -> 0 | F9: =IF(OR(B9="",C9="",D9=""),"",IF(AND(E9>0,E9<=CapFinanciera1),Puntajes!$D$12,IF(AND(E9>CapFinanciera1,E9<=CapFinanciera2),Puntajes!$D$13,IF(AND(E9>CapFinanciera2,E9<=CapFinanciera3),Puntajes!$D$14,IF(AND(E9>CapFinanciera3,E9<=CapFinanciera4),Puntajes!$D$15,IF(E9>CapFinanciera4,Puntajes!$D$16,0)))))) -> 0
A10: =+'Capacidad Financiera'!B13 -> 1.1 | B10: =IF(ISERROR(VLOOKUP(A10,'Capacidad Financiera'!$B$12:$Z$59132,2,0)),"",VLOOKUP(A10,'Capacidad Financiera'!$B$12:$Z$59132,2,0)) -> CONSTRUCCIONES HERCAR SAS | C10: =IF(OR(A10="",B10=""),"",IF(ISERROR(VLOOKUP(B10,'Capacidad Financiera'!$C$13:$Z$59132,3,0)),"",VLOOKUP(B10,'Capacidad Financiera'!$C$13:$Z$59132,3,0))) -> 29700000 | D10: =IF(OR(A10="",B10=""),"",IF(ISERROR(VLOOKUP(B10,'Capacidad Financiera'!$C$13:$Z$59132,5,0)),"",VLOOKUP(B10,'Capacidad Financiera'!$C$13:$Z$59132,5,0))) -> 0

Sheet Saldo CtosEjecución
A2: INSTITUTO NACIONAL DE VIAS
A3: DIRECCIÓN DE CONTRATACIÓN
A4: ='Capacidad Financiera'!B4 -> DIRECCIÓN TERRITORIAL BOLIVAR
A5: SALDO CONTRATOS EN EJECUCIÓN
A7: OFERTA | B7: PROPONENTE | C7: TOTAL SALDOS CONTRATOS EN EJECUCION
A9: =+'Capacidad Financiera'!B12 -> 1 | B9: =IF(ISERROR(VLOOKUP(A9,'Capacidad Financiera'!$B$12:$Z$59132,2,0)),"",VLOOKUP(A9,'Capacidad Financiera'!$B$12:$Z$59132,2,0)) -> CONSTRUCCIONES HERCAR SAS | C9: =C10 -> 66216889
A10: =+'Capacidad Financiera'!B13 -> 1.1 | B10: =IF(ISERROR(VLOOKUP(A10,'Capacidad Financiera'!$B$12:$Z$59132,2,0)),"",VLOOKUP(A10,'Capacidad Financiera'!$B$12:$Z$59132,2,0)) -> CONSTRUCCIONES HERCAR SAS | C10: 66216889
A11: =+'Capacidad Financiera'!B14 -> 0 | B11: =IF(ISERROR(VLOOKUP(A11,'Capacidad Financiera'!$B$12:$Z$59132,2,0)),"",VLOOKUP(A11,'Capacidad Financiera'!$B$12:$Z$59132,2,0))

Sheet Cap Organización
A2: INSTITUTO NACIONAL DE VIAS
A3: DIRECCIÓN DE CONTRATACIÓN
A4: ='Capacidad Financiera'!B4 -> DIRECCIÓN TERRITORIAL BOLIVAR
A5: CAPACIDAD DE ORGANIZACIÓN
A7: OFERTA | B7: PROPONENTE | C7: CAPACIDAD DE ORGANIZACIÓN (En Pesos)
C8: Fórmula: Cinco (5) años o más: Mayor Ingreso Operacional de los ultimos 5 años Entre uno (1) y cinco (5) años: Mayor Ingreso Operacional de los años de vida del Oferente Menos de un (1) año: USD $ 125.000
A9: =+'Capacidad Financiera'!B12 -> 1 | B9: =IF(ISERROR(VLOOKUP(A9,'Capacidad Financiera'!$B$12:$Z$59132,2,0)),"",VLOOKUP(A9,'Capacidad Financiera'!$B$12:$Z$59132,2,0)) -> CONSTRUCCIONES HERCAR SAS | C9: =C10 -> 150000000
A10: =+'Capacidad Financiera'!B13 -> 1.1 | B10: =IF(ISERROR(VLOOKUP(A10,'Capacidad Financiera'!$B$12:$Z$59132,2,0)),"",VLOOKUP(A10,'Capacidad Financiera'!$B$12:$Z$59132,2,0)) -> CONSTRUCCIONES HERCAR SAS | C10: 150000000
A11: =+'Capacidad Financiera'!B14 -> 0 | B11: =IF(ISERROR(VLOOKUP(A11,'Capacidad Financiera'!$B$12:$Z$59132,2,0)),"",VLOOKUP(A11,'Capacidad Financiera'!$B$12:$Z$59132,2,0))

Sheet Capacidad Residual
A2: INSTITUTO NACIONAL DE VIAS
A3: DIRECCIÓN DE CONTRATACIÓN
A4: ='Capacidad Financiera'!B4 -> DIRECCIÓN TERRITORIAL BOLIVAR
A5: CAPACIDAD RESIDUAL
A7: OFERTA | B7: PROPONENTE | C7: Porcentaje de Participación para este Proceso | D7: MÓDULO | E7: PRESUPUESTO OFICIAL ESTIMADO (POE) | F7: Anticipo | G7: PLAZO | H7: CAPACIDAD RESIDUAL DEL PROCESO DE CONTRATACION | I7: CAPACIDAD DE ORGANIZACIÓN | J7: EXPERIENCIA | K7: MODULOS ADJUDICADOS | L7: VALOR CAPITAL DE TRABAJO DEMANDADO MODULOS ADJUDICADOS | M7: CAPACIDAD TÉCNICA | N7: CAPACIDAD FINANCIERA | O7: SALDOS CONTRATOS EN EJECUCIÓN | P7: CAPACIDAD RESIDUAL DEL PROPONENTE | Q7: CAPACIDAD RESIDUAL DE CONTRATACIÓN
C8: (%) | E8: En Pesos Colombianos | F8: En Pesos Colombianos | H8: Formula: Si el plazo es menor a 12 meses (POE - Anticipo), si el plazo es mayor a 12 meses [(POE- Anticipo)/Plazo]x12 | I8: En Pesos | J8: Puntaje | M8: Puntaje | N8: Puntaje | O8: En Pesos | P8: Formula: CO * [(E+CT+CF)/100] - SCE | Q8: HABIL / NO HABIL
A10: =+'Capacidad Financiera'!B12 -> 1 | B10: =IF(ISERROR(VLOOKUP(A10,'Capacidad Financiera'!$B$12:$Z$59132,2,0)),"",VLOOKUP(A10,'Capacidad Financiera'!$B$12:$Z$59132,2,0)) -> CONSTRUCCIONES HERCAR SAS | C10: =IF(ISERROR(VLOOKUP(A10,'Capacidad Financiera'!$B$12:$Z$59132,3,0)),"",VLOOKUP(A10,'Capacidad Financiera'!$B$12:$Z$59132,3,0)) -> 1 | D10: ='Capacidad Financiera'!N12 -> 1 | E10: =IF(ISERROR(VLOOKUP(D10,POA!$A$2:$D$16,2,0)),"",VLOOKUP(D10,POA!$A$2:$D$16,2,0)) -> 120000000 | F10: =IF(ISERROR(VLOOKUP(D10,POA!$A$2:$D$16,3,0)),"",VLOOKUP(D10,POA!$A$2:$D$16,4,0)) -> 0 | G10: =IF(ISERROR(VLOOKUP(D10,POA!$A$2:$D$2,3,0)),"",VLOOKUP(D10,POA!$A$2:$D$2,3,0)) -> 4 | H10: =IF(G10="","",IF(G10<12,(E10-F10),IF(G10>=12,(((E10-F10)/G10)*12),""))) -> 120000000 | I10: =IF(IF(ISERROR(VLOOKUP(A10,'Cap Organización'!$A$9:$C$21,3,0)),0,VLOOKUP(A10,'Cap Organización'!$A$9:$C$21,3,0))=0,0,IF(ISERROR(VLOOKUP(A10,'Cap Organización'!$A$9:$C$21,3,0)),0,VLOOKUP(A10,'Cap Organización'!$A$9:$C$21,3,0))) -> 150000000 | J10: =IF(ISERROR(VLOOKUP(A10,'Puntaje Exp'!$B$9:$I$1048576,8,0)),"",VLOOKUP(A10,'Puntaje Exp'!$B$9:$I$1048576,8,0)) -> 60 | L10: =+SUM(L11:L12) -> 0 | M10: =IF(ISERROR(VLOOKUP(A10,'Puntaje CT'!$A$9:$D$11,4,0)),"",VLOOKUP(A10,'Puntaje CT'!$A$9:$D$11,4,0)) -> 20 | N10: =IF(ISERROR(VLOOKUP(A10,'Puntaje CF'!A9:F10,6,0)),"",VLOOKUP(A10,'Puntaje CF'!A9:F10,6,0)) -> 0 | O10: =IF(IF(ISERROR(VLOOKUP(A10,'Saldo CtosEjecución'!$A$9:$G$1048576,3,0)),"",VLOOKUP(A10,'Saldo CtosEjecución'!$A$9:$G$1048576,3,0))=0,"",IF(ISERROR(VLOOKUP(A10,'Saldo CtosEjecución'!$A$9:$G$1048576,3,0)),"",VLOOKUP(A10,'Saldo CtosEjecución'!$A$9:$G$1048576,3,0))) -> 66216889 | P10: =(I10*((J10+M10+N10)/100))-O10 -> 53783111 | Q10: =+IF(OR(P10=0,D10=""),"",IF(P10>=H10,"HABIL","NO HABIL")) -> NO HABIL
A11: =+'Capacidad Financiera'!B13 -> 1.1 | B11: =IF(ISERROR(VLOOKUP(A11,'Capacidad Financiera'!$B$12:$Z$59132,2,0)),"",VLOOKUP(A11,'Capacidad Financiera'!$B$12:$Z$59132,2,0)) -> CONSTRUCCIONES HERCAR SAS | C11: =IF(ISERROR(VLOOKUP(A11,'Capacidad Financiera'!$B$12:$Z$59132,3,0)),"",VLOOKUP(A11,'Capacidad Financiera'!$B$12:$Z$59132,3,0)) -> 1 | D11: ='Capacidad Financiera'!N13 -> 0 | E11: =IF(ISERROR(VLOOKUP(D11,POA!$A$2:$D$16,2,0)),"",VLOOKUP(D11,POA!$A$2:$D$16,2,0)) | F11: =IF(ISERROR(VLOOKUP(D11,POA!$A$2:$D$16,3,0)),"",VLOOKUP(D11,POA!$A$2:$D$16,4,0)) | G11: =IF(ISERROR(VLOOKUP(D11,POA!$A$2:$D$2,3,0)),"",VLOOKUP(D11,POA!$A$2:$D$2,3,0)) | H11: =IF(G11="","",IF(G11<12,(E11-F11),IF(G11>=12,(((E11-F11)/G11)*12),""))) | I11: =IF(IF(ISERROR(VLOOKUP(A11,'Cap Organización'!$A$10:$F$1048576,3,0)),"",VLOOKUP(A11,'Cap Organización'!$A$10:$F$1048576,3,0))=0,"",IF(ISERROR(VLOOKUP(A11,'Cap Organización'!$A$10:$F$1048576,3,0)),"",VLOOKUP(A11,'Cap Organización'!$A$10:$F$1048576,3,0))) -> 150000000 | J11: =IF(ISERROR(VLOOKUP(A11,'Puntaje Exp'!$B$10:$I$1048576,8,0)),"",VLOOKUP(A11,'Puntaje Exp'!$B$10:$I$1048576,8,0)) -> 0 | K11: =+'Capacidad Financiera'!P13 -> 0 | L11: =IF(ISERROR(VLOOKUP(K11,POA!$A$2:$F$16,6,0)),"",VLOOKUP(K11,POA!$A$2:$F$16,6,0)) | M11: =IF(ISERROR(VLOOKUP(A11,'Puntaje CT'!$A$10:$D$1048576,4,0)),"",VLOOKUP(A11,'Puntaje CT'!$A$10:$D$1048576,4,0)) -> 0 | N11: =IF(ISERROR(VLOOKUP(A11,'Puntaje CF'!$A$10:$F$1048576,6,0)),"",VLOOKUP(A11,'Puntaje CF'!$A$10:$F$1048576,6,0)) -> 0 | O11: =IF(IF(ISERROR(VLOOKUP(A11,'Saldo CtosEjecución'!$A$10:$G$1048576,3,0)),"",VLOOKUP(A11,'Saldo CtosEjecución'!$A$10:$G$1048576,3,0))=0,"",IF(ISERROR(VLOOKUP(A11,'Saldo CtosEjecución'!$A$10:$G$1048576,3,0)),"",VLOOKUP(A11,'Saldo CtosEjecución'!$A$10:$G$1048576,3,0))) -> 66216889 | P11: =IF(OR(I11="",J11="",M11="",N11="",O11=""),"",(I11*((J11+M11+N11)/100))-O11) -> -66216889
A12: =+'Capacidad Financiera'!B14 -> 0 | B12: =IF(ISERROR(VLOOKUP(A12,'Capacidad Financiera'!$B$12:$Z$59132,2,0)),"",VLOOKUP(A12,'Capacidad Financiera'!$B$12:$Z$59132,2,0)) | C12: =IF(ISERROR(VLOOKUP(A12,'Capacidad Financiera'!$B$12:$Z$59132,3,0)),"",VLOOKUP(A12,'Capacidad Financiera'!$B$12:$Z$59132,3,0)) | D12: ='Capacidad Financiera'!N14 -> 0 | E12: =IF(ISERROR(VLOOKUP(D12,POA!$A$2:$D$16,2,0)),"",VLOOKUP(D12,POA!$A$2:$D$16,2,0)) | F12: =IF(ISERROR(VLOOKUP(D12,POA!$A$2:$D$16,3,0)),"",VLOOKUP(D12,POA!$A$2:$D$16,4,0)) | G12: =IF(ISERROR(VLOOKUP(D12,POA!$A$2:$D$2,3,0)),"",VLOOKUP(D12,POA!$A$2:$D$2,3,0)) | H12: =IF(G12="","",IF(G12<12,(E12-F12),IF(G12>=12,(((E12-F12)/G12)*12),""))) | I12: =IF(IF(ISERROR(VLOOKUP(A12,'Cap Organización'!$A$10:$F$1048576,3,0)),"",VLOOKUP(A12,'Cap Organización'!$A$10:$F$1048576,3,0))=0,"",IF(ISERROR(VLOOKUP(A12,'Cap Organización'!$A$10:$F$1048576,3,0)),"",VLOOKUP(A12,'Cap Organización'!$A$10:$F$1048576,3,0))) | J12: =IF(ISERROR(VLOOKUP(A12,'Puntaje Exp'!$B$10:$I$1048576,8,0)),"",VLOOKUP(A12,'Puntaje Exp'!$B$10:$I$1048576,8,0)) -> 0 | K12: =+'Capacidad Financiera'!P14 -> 0 | L12: =IF(ISERROR(VLOOKUP(K12,POA!$A$2:$F$16,6,0)),"",VLOOKUP(K12,POA!$A$2:$F$16,6,0)) | M12: =IF(ISERROR(VLOOKUP(A12,'Puntaje CT'!$A$10:$D$1048576,4,0)),"",VLOOKUP(A12,'Puntaje CT'!$A$10:$D$1048576,4,0)) -> 0 | N12: =IF(ISERROR(VLOOKUP(A12,'Puntaje CF'!$A$10:$F$1048576,6,0)),"",VLOOKUP(A12,'Puntaje CF'!$A$10:$F$1048576,6,0)) | O12: =IF(IF(ISERROR(VLOOKUP(A12,'Saldo CtosEjecución'!$A$10:$G$1048576,3,0)),"",VLOOKUP(A12,'Saldo CtosEjecución'!$A$10:$G$1048576,3,0))=0,"",IF(ISERROR(VLOOKUP(A12,'Saldo CtosEjecución'!$A$10:$G$1048576,3,0)),"",VLOOKUP(A12,'Saldo CtosEjecución'!$A$10:$G$1048576,3,0))) | P12: =IF(OR(I12="",J12="",M12="",N12="",O12=""),"",(I12*((J12+M12+N12)/100))-O12)

Sheet PO
A1: ANEXO 1 - ADENDO 4 - DG-164-2004
A3: NUMERO DE GRUPO | B3: TOTAL GRUPO DE TRAMOS
A5: Tramo 01 | B5: 1.6097533e+10
A6: Tramo 02 | B6: 18724260670
A7: Tramo 03 | B7: 15886461489
A8: Tramo 04 | B8: 18533406621
A9: Tramo 05 | B9: 14971945628
A10: Tramo 06 | B10: 16484340849
A11: Tramo 07 | B11: 1.668692e+10
A12: Tramo 08 | B12: 11566305868
A13: Tramo 09 | B13: 6300474910
A14: Tramo 10 | B14: 1.4281622e+09
A15: Tramo 11 | B15: 1.292852e+09
A16: Tramo 12 | B16: 14200237260
... A100: Tramo 100 | B100: 1.625508e+09
B101: =SUM(B4:B100) -> 1.2769669e+12
